 Dungeon Crawl Stone Soup version 0.31-a0-152-g6aa68a64a1 (webtiles) character file.

Game seed: 10616624546421175524

243 comborobin the Sneak (level 5, -5/30 (31) HPs)
             Began as a Deep Elf Delver on June 10, 2023.
             Was an Initiate of Okawaru.
             Slain by an orc
             ... wielding a +0 trident
              (7 damage)
             ... on level 4 of the Dungeon.
             The game lasted 00:02:04 (1357 turns).

comborobin the Sneak (Deep Elf Delver)              Turns: 1357, Time: 00:02:04

HP:   -5/30 (31)    AC:  3    Str:  9    XL:     5   Next: 82%
MP:   7/7           EV: 12    Int: 15    God:    Okawaru [......]
Gold: 120           SH:  0    Dex: 18    Spells: 4/4 levels left

rFire   . . .        a - +2 whip (elec)
rCold   . . .        (no shield)
rNeg    + . .        m - +0 leather armour
rPois   .            (no helmet)
rElec   .            (no cloak)
rCorr   .            (no gloves)
SInv    .            (no boots)
Will    .....        (no amulet)
Stlth   +++          n - ring of positive energy
HPRegen 0.25/turn    (no ring)
MPRegen 0.10/turn

%: no passive effects
@: lightly drained
A: no striking features
a: Renounce Religion


You were on level 4 of the Dungeon.
You worshipped Okawaru.
Okawaru was noncommittal.
You visited 2 branches of the dungeon, and saw 4 of its levels.

You collected 120 gold pieces.

Inventory:

Hand Weapons
 a - a +2 whip of electrocution (weapon)
 b - a +0 sling
 f - a +0 short sword
Missiles
 j - a throwing net
Armour
 m - a +0 leather armour (worn)
Jewellery
 h - a ring of ice
 n - a ring of positive energy (left hand)
Wands
 g - a wand of digging (2)
 i - a wand of charming (4)
Scrolls
 c - a scroll of fog
 d - a scroll of immolation {unknown}
 e - a scroll of fear
 o - a scroll of enchant armour {unknown}


   Skills:
 - Level 2.7 Fighting
 - Level 4.0 Short Blades
 + Level 4.9 Ranged Weapons
 - Level 3.0 Dodging
 - Level 6.3 Stealth


You had 4 spell levels left.
You didn't know any spells.
Your spell library was empty.

Dungeon Overview and Level Annotations

Branches:
Dungeon (6/15)             Temple (1/1) D:6

Altars:
Ashenzari
Gozag
Hepliaklqana
Kikubaaqudgha
Makhleb
Okawaru
Uskayaw
Vehumet
Yredelemnul
The Shining One


Message History

The orc wizard is moderately wounded.
The orc wizard hits you but does no damage.
You hit the orc wizard.
The orc wizard is heavily wounded.
The orc wizard hits you with a +0 dagger.
You hit the orc wizard.
The orc wizard is almost dead.
The orc wizard closely misses you.
You hit the orc wizard.
Lightning courses through the orc wizard!
You kill the orc wizard!
Okawaru accepts your kill.
You hit the orc wizard.
The orc wizard is lightly wounded.
An orc comes into view.
It is wielding a +0 trident and carrying a wand of roots (9).
The orc wizard gestures at you while chanting.
The puff of flame hits you!
You are too injured to fight recklessly!
The orc shouts!
You hit the orc wizard.
The orc wizard is lightly wounded.
The orc wizard hits you but does no damage.
You partially resist.
You hit the orc wizard.
The orc wizard is heavily wounded.
The orc hits you from afar with a +0 trident.
The orc wizard misses you.
You hit the orc wizard.
The orc wizard is almost dead.
The orc hits you from afar with a +0 trident.
* * * LOW HITPOINT WARNING * * *
The orc wizard hits you with a +2 dagger of draining.
* * * LOW HITPOINT WARNING * * *
You partially resist.
You feel drained.
It was a potion of curing.
You feel better. The orc wizard casts a spell at you.
The puff of flame hits you!
* * * LOW HITPOINT WARNING * * *
The orc hits you from afar with a +0 trident!
You die...

#..## ##.## ##....#.#
#...# #...# #..##.#.####
#.#.###.#.###.#.........
#.#..#..#..#..#.......##
#.##...###...####.#.#.##
#.##...# #...# #.#.#...
#.###.## ##.## ....####
#.###############.#.#
#......@o...... ..#.#
#####.###o....### #.#
#.# ..... .. #.# ...#
#.# .## #.# .. #.# # #.#


You could see an orc wizard and an orc.

Vanquished Creatures
  A scorpion (D:4)
  A hound (D:6)
  A gnoll bouda (D:6)
  2 iguanas
  An orc wizard (D:4)
  An adder (D:6)
  2 dart slugs (D:4)
  An orc (D:6)
  A hobgoblin (D:4)
  2 quokkas (D:4)
13 creatures vanquished.

Vanquished Creatures (collateral kills)
  2 gnolls (D:6)
2 creatures vanquished.

Vanquished Creatures (others)
  3 gnolls (D:6)
3 creatures vanquished.

Grand Total: 18 creatures vanquished

Notes
Turn   | Place    | Note
-------+----------+-------------------------------------------
     0 | D:5      | comborobin the Deep Elf Delver began the quest for the Orb.
     0 | D:5      | Reached XP level 1. HP: 13/13 MP: 3/3
    17 | D:6      | Noticed a hound
    23 | D:6      | Killed a hound
    24 | D:6      | Reached XP level 2. HP: 16/18 MP: 4/4
    24 | D:6      | Reached XP level 3. HP: 20/22 MP: 5/5
   218 | D:6      | Reached XP level 4. HP: 6/27 MP: 6/6
   435 | D:6      | Found a staircase to the Ecumenical Temple.
   463 | Temple   | Entered the Ecumenical Temple
   552 | Temple   | Became a worshipper of Warmaster Okawaru
   930 | D:4      | Found a broken altar of Ashenzari.
   935 | D:4      | Saw a vision of the Swamp and the Snake Pit.
   935 | D:4      | Noticed a naga sharpshooter
   935 | D:4      | Noticed a spriggan druid
   935 | D:4      | Noticed a will-o-the-wisp
   935 | D:4      | Noticed a bog body
   935 | D:4      | Noticed a shock serpent
   935 | D:4      | Noticed a naga
   936 | D:4      | Noticed a naga
   937 | D:4      | Noticed an eleionoma
   937 | D:4      | Noticed a black mamba
   938 | D:4      | Noticed a goliath frog
   939 | D:4      | Noticed a bunyip
   940 | D:4      | Noticed a swamp dragon
   998 | D:4      | Found an ancient bone altar of Kikubaaqudgha.
  1005 | D:4      | Reached XP level 5. HP: 31/31 MP: 7/7
  1053 | D:4      | Found an opulent altar of Gozag.
  1357 | D:4      | Slain by an orc

Illustrated notes

Levels and vault maps discovered:
D:4:      layout_loops_ring, grunt_ashenzari_visionary
          [grunt_ashenzari_visionary_swamp, grunt_ashenzari_visionary_snake],
          lemuel_doored_altar, nicolae_kikubaaqudgha_miasma_corner,
          minmay_misc_feat_four_crosses, eino_curves_03,
          kennysheep_generic_room_7
D:5:      layout_basic, zin_scriptorium, mainiacjoe_overflow_alcove_4,
          serial_shops, nicolae_shop_rolling_square
D:6:      layout_gridville, minmay_temple_entry_gardened_gates
Temple:   hellmonk_temple_beads

Skill      XL: |  1  2  3  4  5 |
---------------+----------------+-----
Dodging        | 3 |  3.0
Short Blades   | 3 4 |  4.0
Ranged Weapons | 3 4 |  4.9
Fighting       | |  2.7
Stealth        | |  6.3

Action                     |  1- 3 |  4- 6 || total
---------------------------+-------+-------++-------
  Melee: Short sword       |    15 |    14 ||    29
         Whip              |     9 |    30 ||    39
   Fire: Sling             |       |     1 ||     1
  Evoke: Wand              |     6 |     1 ||     7
    Use: Potion            |     2 |     2 ||     4
         Scroll            |       |     1 ||     1
   Stab: Sleeping          |     1 |     3 ||     4
 Armour: Leather armour    |       |     5 ||     5
  Dodge: Dodged            |    11 |    26 ||    37

Table legend: (Time is in decaauts)
 A = Elapsed time spent in this place.
 B = Non-inter-level travel time spent in this place.
 C = Inter-level travel time spent in this place.
 D = Time resting spent in this place.
 E = Time spent auto-exploring this place.
 F = Levels seen in this place.
 G = Mean time per level.
                   A        B        C        D        E       F      G
               +--------+--------+--------+--------+--------+-----+--------+
         Total |   1320 |   1134 |    186 |    238 |    658 |   4 |  330.0 |
       Dungeon |   1170 |   1053 |    117 |    238 |    586 |   3 |  390.0 |
        Temple |    149 |     81 |     68 |      0 |     72 |   1 |  149.0 |
               +--------+--------+--------+--------+--------+-----+--------+

Top non-repeatable levels by time:
     D:6: 578 daAuts
     D:4: 540 daAuts
  Temple: 149 daAuts
     D:5: 51 daAuts
